Ice Dragons vs Monarchs

Created - December 17, 2017 at 20:11

Goals
1 2 3 T
Ice Dragons 0 2 0 2
Monarchs 1 3 1 5
Shots
1 2 3 T
Ice Dragons 7 16 8 31
Monarchs 7 9 5 21

1st period

1. Monarchs , Riley Cote 16 (Brandon Gormley 21, Chris Tierney 11) at 4:46

Penalties :
No Penalty

2nd period

2. Monarchs , Jordie Benn 2 (Tyler Toffoli 16, Johnny Gaudreau 2) at 10:03
3. Ice Dragons , Michael Latta 14 (Curtis Glencross 22) at 10:24
4. Monarchs , Chris Tierney 3 (Tobias Rieder 9, Riley Cote 10) at 14:35
5. Ice Dragons , Petr Vrana 15 (Ian Cole 13, Joe Callahan 12) at 18:59
6. Monarchs , Johnny Gaudreau 1 (Connor Brown 13) at 19:11

Penalties :
Patrick Maroon (MAN) for Hooking (Minor) at 11:03

3rd period

7. Monarchs , Connor Brown 12 (Johnny Gaudreau 3) at 16:29 (PP)

Penalties :
Brandon Gormley (MAN) for Roughing (Minor) at 4:14, Troy Brouwer (Kin) for Roughing (Minor) at 16:26

Goalie Stats

Anders Nilsson (Kin), 12 saves from 16 shots - (0.750), L, 15-10-1, 39:11 minutes
Harru Sateri (Kin), 4 saves from 5 shots - (0.800), 20:49 minutes
Malcolm Subban (MAN), 29 saves from 31 shots - (0.935), W, 2-4-1, 60:00 minutes

Players Stats for Ice Dragons

Player Name              G  A  P  +/- PIM S  H  SB GA TA FO     MP     PP MP  PK MP  
------------------------------------------------------------------------------------
Andrej Nestrasil         0  0  0  -1  0   1  1  0  0  0  4/5    14:47   0:00   0:00 
Brandon Kozun            0  0  0  -1  0   0  2  0  0  0  0/0    14:45   0:00   0:00 
Curtis Glencross         0  1  1  -2  0   3  2  0  0  0  1/3    22:12   2:07   0:03 
Ian Cole                 0  1  1  -1  0   3  2  1  0  1  0/0    23:22   2:19   0:03 
Joe Callahan             0  1  1  -1  0   1  0  0  0  0  0/0    25:00   2:19   0:03 
Justin Faulk             0  0  0  -1  0   2  3  0  0  1  0/0    20:15   1:39   0:00 
Kevin Connauton          0  0  0  -1  0   1  2  1  0  0  0/0    20:18   1:39   0:00 
Logan MacMillan          0  0  0  -1  0   0  1  0  0  0  0/0    14:30   0:00   0:00 
Michael Chaput           0  0  0   0  0   0  0  0  1  0  0/1    10:38   0:00   0:03 
Michael Ferland          0  0  0   0  0   0  0  0  0  1  0/0     9:45   0:00   0:00 
Michael Latta            1  0  1  -2  0   2  2  0  1  0  12/27  19:05   2:07   0:00 
Michael Stone            0  0  0   0  0   1  1  0  1  0  0/0    15:53   0:00   0:00 
Petr Vrana               1  0  1   1  0   6  1  0  0  0  0/0    18:18   1:51   0:00 
Ryan Reaves              0  0  0   1  0   2  2  0  0  0  0/0    18:20   1:51   0:00 
Sam Carrick              0  0  0   0  0   0  0  0  0  0  0/0     0:43   0:00   0:00 
Samuel Groulx            0  0  0   0  0   1  1  0  0  1  0/0    14:35   0:00   0:00 
Troy Brouwer             0  0  0  -2  2   2  3  0  0  1  0/0    19:19   2:07   0:00 
Tyler Haskins            0  0  0   1  0   6  2  0  1  0  6/8    18:11   1:51   0:00 

Players Stats for Monarchs

Player Name              G  A  P  +/- PIM S  H  SB GA TA FO     MP     PP MP  PK MP  
------------------------------------------------------------------------------------
Brandon Gormley          0  1  1   2  2   2  0  1  2  0  0/0    19:50   0:00   0:00 
Bryan Rust               0  0  0  -1  0   0  2  0  0  0  0/0    13:06   0:00   2:19 
Chris Tierney            1  1  2   2  0   1  1  0  0  1  0/5    15:47   0:00   1:00 
Connor Brown             1  1  2   1  0   2  4  1  0  0  2/2    18:58   0:03   0:00 
Hampus Lindholm          0  0  0  -1  0   2  4  0  1  0  0/0    22:27   0:03   1:29 
Johnny Gaudreau          1  2  3   1  0   3  3  0  0  0  2/4    19:57   0:03   0:47 
Jordie Benn              1  0  1   1  0   1  0  0  2  0  0/0    17:28   0:00   2:29 
Matt Tennyson            0  0  0  -1  0   0  2  1  0  1  0/0    23:11   0:00   2:29 
Patrick Maroon           0  0  0  -1  2   1  0  0  0  0  0/0    18:18   0:00   0:00 
Riley Cote               1  1  2   2  0   3  3  0  0  1  2/4    16:22   0:00   2:14 
Roman Josi               0  0  0   2  0   0  0  1  0  0  0/0    19:47   0:03   0:00 
Ryan White               0  0  0  -1  0   2  2  0  0  0  2/5    10:47   0:00   0:00 
T.J Brodie               0  0  0   1  0   0  0  1  0  0  0/0    16:37   0:00   1:29 
Tobias Rieder            0  1  1   2  0   1  2  0  0  0  0/0    14:39   0:00   0:58 
Tom Pyatt                0  0  0   0  0   2  1  1  0  1  4/4    14:15   0:00   0:38 
Tomas Kubalik            0  0  0   0  0   1  1  0  0  0  0/0    13:12   0:00   0:00 
Tyler McNeely            0  0  0   0  0   0  1  0  0  0  0/1     3:08   0:00   0:00 
Tyler Toffoli            0  1  1   1  0   0  1  0  0  0  9/19   18:11   0:03   0:00 

3 Stars

1 - Johnny Gaudreau (MAN)
2 - Riley Cote (MAN)
3 - Connor Brown (MAN)

Power Play

Ice Dragons - 0 on 2 Attempt(s) - 0.00%
Monarchs - 1 on 1 Attempt(s) - 100.00%

Penalty Kill

Ice Dragons - 0 on 1 Attempt(s) - 0.00% - Score 0 goal in Penalty Kill
Monarchs - 2 on 2 Attempt(s) - 100.00% - Score 0 goal in Penalty Kill

Team Stat

Ice Dragons - Hits : 25 - Faceoff Wins : 23 - Blocked Shots : 2 - Penalty Minutes : 2
Monarchs - Hits : 27 - Faceoff Wins : 21 - Blocked Shots : 6 - Penalty Minutes : 4

Official

Referees : Kozari Steve and LaRue Dennis
Linesman : Lyle Seitz and Ryan Galloway

Game Notes

Harru Sateri enters game at 19:11 of 2nd period

Finance

Level 1 -- Attendance: 1376 (68.80%) -- Ticket Income $55,040
Level 2 -- Attendance: 727 (72.70%) -- Ticket Income $14,540
Total Attendance: 2103 (70.10%)
Total Ticket Income: $69,580
Other Income: $3,479
Total Income: $73,059

Ice Dragons

5 vs 5 Forward 
   Center                   Left Wing                Right Wing               Time % Phy DF OF 
 1 Michael Latta            Curtis Glencross         Troy Brouwer             40     1   2  2  
 2 Tyler Haskins            Petr Vrana               Ryan Reaves              30     1   2  2  
 3 Andrej Nestrasil         Logan MacMillan          Brandon Kozun            20     1   2  2  
 4 Michael Chaput           Michael Ferland          Curtis Glencross         10     1   2  2  

5 vs 5 Defense 
   Defense                  Defense                                           Time % Phy DF OF 
 1 Joe Callahan             Ian Cole                                          40     1   2  2  
 2 Kevin Connauton          Justin Faulk                                      30     1   2  2  
 3 Michael Stone            Samuel Groulx                                     20     1   2  2  
 4 Michael Stone            Joe Callahan                                      10     1   2  2  

PowerPlay Forward 
   Center                   Left Wing                Right Wing               Time % Phy DF OF 
 1 Michael Latta            Curtis Glencross         Troy Brouwer             60     0   2  3  
 2 Tyler Haskins            Petr Vrana               Ryan Reaves              40     0   2  3  

PowerPlay Defense
   Defense                  Defense                                           Time % Phy DF OF 
 1 Joe Callahan             Ian Cole                                          60     0   2  3  
 2 Kevin Connauton          Justin Faulk                                      40     0   2  3  

Penalty Kill 4 Players Forward 
   Center                   Wing                     Time % Phy DF OF 
 1 Curtis Glencross         Troy Brouwer             60     1   4  0  
 2 Michael Latta            Petr Vrana               40     1   4  0  

Penalty Kill 4 Players Defense
   Defense                  Defense                  Time % Phy DF OF 
 1 Joe Callahan             Ian Cole                 60     1   4  0  
 2 Kevin Connauton          Michael Stone            40     1   4  0  

Penalty Kill - 3 Players Forward 
   Forward                                           Time % Phy DF OF 
 1 Curtis Glencross                                  60     1   4  0  
 2 Troy Brouwer                                      40     1   4  0  

Penalty Kill - 3 Players Defense
   Defense                  Defense                  Time % Phy DF OF 
 1 Joe Callahan             Ian Cole                 60     1   4  0  
 2 Kevin Connauton          Michael Stone            40     1   4  0  

4 vs 4 Forward 
   Center                   Wing                     Time % Phy DF OF 
 1 Curtis Glencross         Troy Brouwer             60     1   2  2  
 2 Michael Latta            Petr Vrana               40     1   2  2  

4 vs 4 Defense
   Defense                  Defense                  Time % Phy DF OF 
 1 Joe Callahan             Ian Cole                 60     1   2  2  
 2 Kevin Connauton          Michael Stone            40     1   2  2  

Last Minutes Offensive
   Center                   Left Wing                Right Wing               Defense                  Defense                  
   Michael Latta            Curtis Glencross         Troy Brouwer             Joe Callahan             Justin Faulk             

Last Minutes Defensive
   Center                   Left Wing                Right Wing               Defense                  Defense                  
   Michael Latta            Curtis Glencross         Troy Brouwer             Joe Callahan             Ian Cole                 

Goaltenders
Starting : Anders Nilsson           
Backup : Harru Sateri             

Extra Forwards
Normal : Andrej Nestrasil, Logan MacMillan, Michael Chaput - PP : Andrej Nestrasil, Logan MacMillan - PK : Michael Chaput
Extra Defensemen
Normal : Justin Faulk, Samuel Groulx, Michael Stone - PP : Michael Stone - PK : Samuel Groulx, Michael Stone
Penalty Shots
Curtis Glencross, Troy Brouwer, Michael Latta, Petr Vrana, Tyler Haskins

Scratches
Theodor Blueger (Healthy), Justin Shugg (Healthy), Chris Wagner (Healthy), Tomas Kudelka (Healthy), Christian Djoos (Healthy)
Oscar Dansk (Healthy)

Monarchs

5 vs 5 Forward 
   Center                   Left Wing                Right Wing               Time % Phy DF OF 
 1 Tyler Toffoli            Johnny Gaudreau          Connor Brown             40     1   1  3  
 2 Tom Pyatt                Patrick Maroon           Tomas Kubalik            25     1   1  3  
 3 Chris Tierney            Riley Cote               Tobias Rieder            25     1   2  2  
 4 Ryan White               Patrick Maroon           Bryan Rust               10     1   2  2  

5 vs 5 Defense 
   Defense                  Defense                                           Time % Phy DF OF 
 1 Hampus Lindholm          Matt Tennyson                                     40     1   3  1  
 2 Roman Josi               Brandon Gormley                                   40     1   3  1  
 3 Jordie Benn              T.J Brodie                                        20     1   3  1  
 4 Hampus Lindholm          Brandon Gormley                                   0      1   2  2  

PowerPlay Forward 
   Center                   Left Wing                Right Wing               Time % Phy DF OF 
 1 Tyler Toffoli            Johnny Gaudreau          Connor Brown             60     0   1  4  
 2 Chris Tierney            Tomas Kubalik            Tobias Rieder            40     0   1  4  

PowerPlay Defense
   Defense                  Defense                                           Time % Phy DF OF 
 1 Roman Josi               Hampus Lindholm                                   60     0   2  3  
 2 Roman Josi               Brandon Gormley                                   40     0   2  3  

Penalty Kill 4 Players Forward 
   Center                   Wing                     Time % Phy DF OF 
 1 Riley Cote               Bryan Rust               60     0   4  1  
 2 Tom Pyatt                Chris Tierney            40     0   4  1  

Penalty Kill 4 Players Defense
   Defense                  Defense                  Time % Phy DF OF 
 1 Jordie Benn              Matt Tennyson            60     1   4  0  
 2 T.J Brodie               Hampus Lindholm          40     1   4  0  

Penalty Kill - 3 Players Forward 
   Forward                                           Time % Phy DF OF 
 1 Riley Cote                                        60     1   2  2  
 2 Bryan Rust                                        40     1   2  2  

Penalty Kill - 3 Players Defense
   Defense                  Defense                  Time % Phy DF OF 
 1 Matt Tennyson            Jordie Benn              60     1   2  2  
 2 T.J Brodie               Hampus Lindholm          40     1   2  2  

4 vs 4 Forward 
   Center                   Wing                     Time % Phy DF OF 
 1 Tyler Toffoli            Tobias Rieder            60     1   2  2  
 2 Connor Brown             Tomas Kubalik            40     1   2  2  

4 vs 4 Defense
   Defense                  Defense                  Time % Phy DF OF 
 1 Hampus Lindholm          Matt Tennyson            60     1   2  2  
 2 T.J Brodie               Roman Josi               40     1   2  2  

Last Minutes Offensive
   Center                   Left Wing                Right Wing               Defense                  Defense                  
   Tyler Toffoli            Johnny Gaudreau          Connor Brown             Hampus Lindholm          Brandon Gormley          

Last Minutes Defensive
   Center                   Left Wing                Right Wing               Defense                  Defense                  
   Chris Tierney            Riley Cote               Bryan Rust               Jordie Benn              Matt Tennyson            

Goaltenders
Starting : Malcolm Subban           
Backup : Niklas Backstrom         

Extra Forwards
Normal : Riley Cote, Connor Brown, Chris Tierney - PP : Tomas Kubalik, Riley Cote - PK : Tobias Rieder
Extra Defensemen
Normal : Hampus Lindholm, Brandon Gormley, Matt Tennyson - PP : Matt Tennyson - PK : Brandon Gormley, Roman Josi
Penalty Shots
Riley Cote, Tyler McNeely, Ryan White, Tyler Toffoli, Hampus Lindholm

Scratches
Christophe Lalancette (Healthy), Ludwig Bystrom (Healthy), Jimmy Vesey (Healthy), Derek Forbort (Healthy), Igor Makarov (Healthy)
Trevor Lewis (Healthy), Anthony Peluso (Healthy), Jake Muzzin (Healthy), Alec Martinez (Sprained Left Finger Injury), Greg Pateryn (Healthy)
Connor Hellebyuk (Healthy), Jeff Frazee (Healthy)

% Time on Ice - Ice Dragons

Lines # - Real PCT - Wanted PCT - Time Play
Normal Forward
1 - 30% - 40% - 16:43
2 - 30% - 30% - 16:42
3 - 24% - 20% - 13:30
4 - 16% - 10% - 9:04
Normal Defense
1 - 37% - 40% - 20:43
2 - 32% - 30% - 18:11
3 - 25% - 20% - 14:04
4 - 5% - 10% - 3:01
PP Forward
1 - 53% - 60% - 2:07
2 - 47% - 40% - 1:51
PP Defense
1 - 58% - 60% - 2:19
2 - 42% - 40% - 1:39
PK Forward
1 - 100% - 60% - 0:03
2 - 0% - 40% - 0:00
PK Defense
1 - 100% - 60% - 0:03
2 - 0% - 40% - 0:00
PK3 Forward
1 - 0% - 60%
2 - 0% - 40%
PK3 Defense
1 - 0% - 60%
2 - 0% - 40%
44 Forward
1 - 0% - 60%
2 - 0% - 40%
44 Defense
1 - 0% - 60%
2 - 0% - 40%
Last Minute Offensive  - 0:00
Last Minute Defensive  - 0:00
Total
Forward - 60:00
Defense - 60:00

% Time on Ice - Monarchs

Lines # - Real PCT - Wanted PCT - Time Play
Normal Forward
1 - 32% - 40% - 18:05
2 - 24% - 25% - 13:29
3 - 24% - 25% - 13:38
4 - 19% - 10% - 10:47
Normal Defense
1 - 37% - 40% - 20:53
2 - 37% - 40% - 20:29
3 - 26% - 20% - 14:17
4 - 1% - 0% - 0:20
PP Forward
1 - 100% - 60% - 0:03
2 - 0% - 40% - 0:00
PP Defense
1 - 100% - 60% - 0:03
2 - 0% - 40% - 0:00
PK Forward
1 - 84% - 60% - 3:20
2 - 16% - 40% - 0:38
PK Defense
1 - 63% - 60% - 2:29
2 - 37% - 40% - 1:29
PK3 Forward
1 - 0% - 60%
2 - 0% - 40%
PK3 Defense
1 - 0% - 60%
2 - 0% - 40%
44 Forward
1 - 0% - 60%
2 - 0% - 40%
44 Defense
1 - 0% - 60%
2 - 0% - 40%
Last Minute Offensive  - 0:00
Last Minute Defensive  - 0:00
Total
Forward - 60:00
Defense - 60:00

Play by Play

1st period


0:01 of 1st period - Tyler Toffoli wins face-off versus Michael Latta in neutral zone.
0:09 of 1st period - Slapshot by Johnny Gaudreau.
0:09 of 1st period - Shot Misses the Net.
0:51 of 1st period - Riley Cote is hit by Logan MacMillan and loses puck.
1:00 of 1st period - Michael Chaput is hit by Riley Cote and loses puck.
2:19 of 1st period - Snap shot by Johnny Gaudreau.
2:19 of 1st period - Stopped by Anders Nilsson with a rebound.
2:38 of 1st period - Icing by Ian Cole.
2:39 of 1st period - Michael Latta wins face-off versus Ryan White in Ice Dragons zone.
3:51 of 1st period - Snap shot by Tyler Haskins.
3:51 of 1st period - Stopped by Malcolm Subban with a rebound.
4:10 of 1st period - Off-side.
4:11 of 1st period - Andrej Nestrasil wins face-off versus Tyler Toffoli in neutral zone.
4:38 of 1st period - Chris Tierney is hit by Michael Latta.
4:42 of 1st period - Slapshot by Brandon Gormley.
4:42 of 1st period - Stopped by Anders Nilsson with a rebound.
4:44 of 1st period - Snap shot by Brandon Gormley.
4:44 of 1st period - Stopped by Anders Nilsson with a rebound.
4:46 of 1st period - Snap shot by Riley Cote.
4:46 of 1st period - Goal by Riley Cote - Ice Dragons : 0 - Monarchs : 1.
4:47 of 1st period - Tyler Toffoli wins face-off versus Michael Latta in neutral zone.
5:00 of 1st period - Brandon Gormley is hit by Curtis Glencross and loses puck.
5:13 of 1st period - Ryan Reaves is hit by Tobias Rieder and loses puck.
5:47 of 1st period - Snap shot by Tom Pyatt.
5:47 of 1st period - Shot Misses the Net.
6:03 of 1st period - Wrist shot by Connor Brown.
6:03 of 1st period - Stopped by Anders Nilsson with a rebound.
6:06 of 1st period - Icing by Justin Faulk.
6:07 of 1st period - Tom Pyatt wins face-off versus Michael Chaput in Ice Dragons zone.
6:10 of 1st period - Wrist shot by Tomas Kubalik.
6:10 of 1st period - Deflect By Patrick Maroon.
6:10 of 1st period - Stopped by Anders Nilsson with a rebound.
6:32 of 1st period - Slapshot by Kevin Connauton.
6:32 of 1st period - Stopped by Malcolm Subban with a rebound.
6:40 of 1st period - Snap shot by Tyler Haskins.
6:40 of 1st period - Stopped by Malcolm Subban without a rebound.
6:41 of 1st period - Ryan White wins face-off versus Tyler Haskins in Monarchs zone.
6:48 of 1st period - Snap shot by Tyler Haskins.
6:48 of 1st period - Stopped by Malcolm Subban without a rebound.
6:49 of 1st period - Tyler Haskins wins face-off versus Ryan White in Monarchs zone.
7:35 of 1st period - Snap shot by Petr Vrana.
7:35 of 1st period - Shot Misses the Net.
7:37 of 1st period - Slapshot by Ian Cole.
7:37 of 1st period - Shot Blocked by T.J Brodie.
7:39 of 1st period - Wrist shot by Joe Callahan.
7:39 of 1st period - Shot Misses the Net.
7:41 of 1st period - Wrist shot by Ryan Reaves.
7:41 of 1st period - Stopped by Malcolm Subban with a rebound.
7:43 of 1st period - Slapshot by Ian Cole.
7:43 of 1st period - Stopped by Malcolm Subban with a rebound.
8:15 of 1st period - Snap shot by Petr Vrana.
8:15 of 1st period - Stopped by Malcolm Subban with a rebound.
8:51 of 1st period - Slapshot by Ryan White.
8:51 of 1st period - Stopped by Anders Nilsson without a rebound.
8:52 of 1st period - Michael Latta wins face-off versus Tyler Toffoli in Ice Dragons zone.
10:32 of 1st period - Tyler Toffoli is hit by Samuel Groulx and loses puck.
11:01 of 1st period - Michael Stone is hit by Tyler McNeely and loses puck.
11:42 of 1st period - Michael Latta is hit by Hampus Lindholm and loses puck.
13:08 of 1st period - Michael Chaput is hit by Johnny Gaudreau and loses puck.
13:25 of 1st period - Roman Josi is hit by Troy Brouwer and loses puck.
13:36 of 1st period - Kevin Connauton is hit by Chris Tierney and loses puck.
15:01 of 1st period - Petr Vrana is hit by Tomas Kubalik and loses puck.
16:20 of 1st period - Ian Cole is hit by Connor Brown and loses puck.
18:26 of 1st period - Logan MacMillan is hit by Ryan White.
18:30 of 1st period - Samuel Groulx is hit by Matt Tennyson and loses puck.
Goals for this period are 0 for Ice Dragons vs 1 for Monarchs .
Shots for this period are 7 for Ice Dragons vs 7 for Monarchs .

2nd period


0:01 of 2nd period - Tyler Toffoli wins face-off versus Michael Latta in neutral zone.
0:14 of 2nd period - Curtis Glencross is hit by Connor Brown and loses puck.
0:34 of 2nd period - Snap shot by Petr Vrana.
0:34 of 2nd period - Stopped by Malcolm Subban with a rebound.
1:14 of 2nd period - Johnny Gaudreau is hit by Troy Brouwer and loses puck.
1:33 of 2nd period - Hampus Lindholm is hit by Ryan Reaves and loses puck.
1:52 of 2nd period - Andrej Nestrasil is hit by Tobias Rieder and loses puck.
2:33 of 2nd period - Ian Cole is hit by Riley Cote.
3:04 of 2nd period - Tyler Haskins is hit by Connor Brown and loses puck.
3:19 of 2nd period - Curtis Glencross is hit by Hampus Lindholm and loses puck.
4:44 of 2nd period - Chris Tierney is hit by Andrej Nestrasil.
5:08 of 2nd period - Slapshot by Justin Faulk.
5:08 of 2nd period - Deflect By Roman Josi.
5:08 of 2nd period - Stopped by Malcolm Subban with a rebound.
5:41 of 2nd period - Slapshot by Justin Faulk.
5:41 of 2nd period - Stopped by Malcolm Subban with a rebound.
7:28 of 2nd period - Wrist shot by Tom Pyatt.
7:28 of 2nd period - Stopped by Anders Nilsson with a rebound.
8:03 of 2nd period - Brandon Kozun is hit by Ryan White and loses puck.
8:35 of 2nd period - Kevin Connauton is hit by Tom Pyatt and loses puck.
9:22 of 2nd period - Icing by Patrick Maroon.
9:23 of 2nd period - Tyler Haskins wins face-off versus Ryan White in Monarchs zone.
9:24 of 2nd period - Slapshot by Michael Stone.
9:24 of 2nd period - Shot Misses the Net.
9:30 of 2nd period - Backhand shot by Petr Vrana.
9:30 of 2nd period - Stopped by Malcolm Subban with a rebound.
9:32 of 2nd period - Wrist shot by Petr Vrana.
9:32 of 2nd period - Stopped by Malcolm Subban with a rebound.
9:34 of 2nd period - Snap shot by Petr Vrana.
9:34 of 2nd period - Shot Misses the Net.
9:36 of 2nd period - Wrist shot by Samuel Groulx.
9:36 of 2nd period - Stopped by Malcolm Subban with a rebound.
9:38 of 2nd period - Wrist shot by Petr Vrana.
9:38 of 2nd period - Deflect By Tyler Haskins.
9:38 of 2nd period - Stopped by Malcolm Subban with a rebound.
9:48 of 2nd period - Snap shot by Hampus Lindholm.
9:48 of 2nd period - Stopped by Anders Nilsson without a rebound.
9:49 of 2nd period - Tyler Toffoli wins face-off versus Michael Latta in Ice Dragons zone.
9:59 of 2nd period - Wrist shot by Johnny Gaudreau.
9:59 of 2nd period - Stopped by Anders Nilsson with a rebound.
10:01 of 2nd period - Slapshot by Tyler Toffoli.
10:01 of 2nd period - Shot Blocked by Ian Cole.
10:03 of 2nd period - Wrist shot by Jordie Benn.
10:03 of 2nd period - Goal by Jordie Benn - Ice Dragons : 0 - Monarchs : 2.
10:04 of 2nd period - Michael Latta wins face-off versus Tyler Toffoli in neutral zone.
10:11 of 2nd period - Snap shot by Troy Brouwer.
10:11 of 2nd period - Deflect By Hampus Lindholm.
10:11 of 2nd period - Stopped by Malcolm Subban without a rebound.
10:12 of 2nd period - Michael Latta wins face-off versus Tyler Toffoli in Monarchs zone.
10:20 of 2nd period - Snap shot by Curtis Glencross.
10:20 of 2nd period - Stopped by Malcolm Subban without a rebound.
10:21 of 2nd period - Michael Latta wins face-off versus Tyler Toffoli in Monarchs zone.
10:24 of 2nd period - Snap shot by Michael Latta.
10:24 of 2nd period - Goal by Michael Latta - Ice Dragons : 1 - Monarchs : 2.
10:25 of 2nd period - Connor Brown wins face-off versus Michael Latta in neutral zone.
10:40 of 2nd period - Wrist shot by Connor Brown.
10:40 of 2nd period - Shot Misses the Net.
10:43 of 2nd period - Icing by Joe Callahan.
10:44 of 2nd period - Tom Pyatt wins face-off versus Michael Latta in Ice Dragons zone.
11:03 of 2nd period - Minor Penalty to Patrick Maroon for Hooking.
11:04 of 2nd period - Michael Latta wins face-off versus Riley Cote in Monarchs zone.
11:15 of 2nd period - Off-side.
11:16 of 2nd period - Riley Cote wins face-off versus Curtis Glencross in neutral zone.
11:41 of 2nd period - Jordie Benn is hit by Petr Vrana.
11:45 of 2nd period - Matt Tennyson is hit by Justin Faulk.
12:18 of 2nd period - T.J Brodie is hit by Ian Cole and loses puck.
13:03 of 2nd period - Penalty to Patrick Maroon is over, Patrick Maroon is back on ice.
13:04 of 2nd period - Chris Tierney is hit by Justin Faulk and loses puck.
13:19 of 2nd period - Wrist shot by Andrej Nestrasil.
13:19 of 2nd period - Deflect By Hampus Lindholm.
13:19 of 2nd period - Stopped by Malcolm Subban without a rebound.
13:20 of 2nd period - Andrej Nestrasil wins face-off versus Tyler Toffoli in Monarchs zone.
13:54 of 2nd period - Snap shot by Tomas Kubalik.
13:54 of 2nd period - Stopped by Anders Nilsson without a rebound.
13:55 of 2nd period - Tyler Toffoli wins face-off versus Michael Latta in Ice Dragons zone.
14:10 of 2nd period - Michael Latta is hit by Johnny Gaudreau and loses puck.
14:29 of 2nd period - Snap shot by Riley Cote.
14:29 of 2nd period - Stopped by Anders Nilsson with a rebound.
14:31 of 2nd period - Snap shot by Chris Tierney.
14:31 of 2nd period - Shot Misses the Net.
14:33 of 2nd period - Wrist shot by Tobias Rieder.
14:33 of 2nd period - Stopped by Anders Nilsson with a rebound.
14:35 of 2nd period - Snap shot by Chris Tierney.
14:35 of 2nd period - Goal by Chris Tierney - Ice Dragons : 1 - Monarchs : 3.
14:36 of 2nd period - Michael Latta wins face-off versus Johnny Gaudreau in neutral zone.
14:39 of 2nd period - Snap shot by Joe Callahan.
14:39 of 2nd period - Stopped by Malcolm Subban with a rebound.
14:41 of 2nd period - Wrist shot by Troy Brouwer.
14:41 of 2nd period - Stopped by Malcolm Subban without a rebound.
14:42 of 2nd period - Michael Latta wins face-off versus Tyler Toffoli in Monarchs zone.
14:43 of 2nd period - Wrist shot by Curtis Glencross.
14:43 of 2nd period - Shot Misses the Net.
14:45 of 2nd period - Backhand shot by Troy Brouwer.
14:45 of 2nd period - Shot Misses the Net.
14:47 of 2nd period - Snap shot by Curtis Glencross.
14:47 of 2nd period - Shot Blocked by Brandon Gormley.
15:07 of 2nd period - Snap shot by Petr Vrana.
15:07 of 2nd period - Deflect By Ryan Reaves.
15:07 of 2nd period - Shot Blocked by Roman Josi.
15:07 of 2nd period - Puck is out of play.
15:08 of 2nd period - Tyler Haskins wins face-off versus Chris Tierney in Monarchs zone.
15:17 of 2nd period - Snap shot by Petr Vrana.
15:17 of 2nd period - Shot Misses the Net.
15:42 of 2nd period - Backhand shot by Johnny Gaudreau.
15:42 of 2nd period - Shot Misses the Net.
16:17 of 2nd period - Slapshot by Ian Cole.
16:17 of 2nd period - Deflect By Ryan Reaves.
16:17 of 2nd period - Shot Misses the Net.
16:17 of 2nd period - Puck is out of play.
16:18 of 2nd period - Tyler Haskins wins face-off versus Tyler Toffoli in Monarchs zone.
16:27 of 2nd period - Tyler Toffoli is hit by Tyler Haskins and loses puck.
16:48 of 2nd period - Wrist shot by Tyler Haskins.
16:48 of 2nd period - Shot Blocked by Tom Pyatt.
17:36 of 2nd period - Snap shot by Andrej Nestrasil.
17:36 of 2nd period - Shot Blocked by Matt Tennyson.
18:01 of 2nd period - Off-side.
18:02 of 2nd period - Andrej Nestrasil wins face-off versus Chris Tierney in neutral zone.
18:09 of 2nd period - Slapshot by Tobias Rieder.
18:09 of 2nd period - Deflect By Riley Cote.
18:09 of 2nd period - Shot Misses the Net.
18:09 of 2nd period - Puck is out of play.
18:10 of 2nd period - Curtis Glencross wins face-off versus Chris Tierney in Ice Dragons zone.
18:41 of 2nd period - Wrist shot by Bryan Rust.
18:41 of 2nd period - Deflect By Kevin Connauton.
18:41 of 2nd period - Shot Misses the Net.
18:41 of 2nd period - Puck is out of play.
18:42 of 2nd period - Ryan White wins face-off versus Tyler Haskins in Ice Dragons zone.
18:45 of 2nd period - Snap shot by Ryan White.
18:45 of 2nd period - Shot Misses the Net.
18:52 of 2nd period - Joe Callahan is hit by Hampus Lindholm and loses puck.
18:55 of 2nd period - Slapshot by Ian Cole.
18:55 of 2nd period - Stopped by Malcolm Subban with a rebound.
18:57 of 2nd period - Slapshot by Ian Cole.
18:57 of 2nd period - Shot Misses the Net.
18:59 of 2nd period - Snap shot by Petr Vrana.
18:59 of 2nd period - Goal by Petr Vrana - Ice Dragons : 2 - Monarchs : 3.
19:00 of 2nd period - Johnny Gaudreau wins face-off versus Michael Latta in neutral zone.
19:03 of 2nd period - Curtis Glencross is hit by Johnny Gaudreau and loses puck.
19:07 of 2nd period - Icing by Joe Callahan.
19:08 of 2nd period - Johnny Gaudreau wins face-off versus Michael Latta in Ice Dragons zone.
19:11 of 2nd period - Wrist shot by Johnny Gaudreau.
19:11 of 2nd period - Goal by Johnny Gaudreau - Ice Dragons : 2 - Monarchs : 4.
19:11 of 2nd period - Harru Sateri enters game.
19:12 of 2nd period - Tyler Toffoli wins face-off versus Michael Latta in neutral zone.
19:48 of 2nd period - Snap shot by Petr Vrana.
19:48 of 2nd period - Stopped by Malcolm Subban with a rebound.
Goals for this period are 2 for Ice Dragons vs 3 for Monarchs .
Shots for this period are 16 for Ice Dragons vs 9 for Monarchs .

3rd period


0:01 of 3rd period - Michael Latta wins face-off versus Johnny Gaudreau in neutral zone.
0:04 of 3rd period - Slapshot by Michael Stone.
0:04 of 3rd period - Stopped by Malcolm Subban without a rebound.
0:05 of 3rd period - Tyler Toffoli wins face-off versus Michael Latta in Monarchs zone.
0:50 of 3rd period - Chris Tierney is hit by Brandon Kozun and loses puck.
2:22 of 3rd period - Slapshot by Tyler Haskins.
2:22 of 3rd period - Stopped by Malcolm Subban with a rebound.
2:24 of 3rd period - Wrist shot by Ryan Reaves.
2:24 of 3rd period - Stopped by Malcolm Subban with a rebound.
2:26 of 3rd period - Snap shot by Tyler Haskins.
2:26 of 3rd period - Stopped by Malcolm Subban with a rebound.
2:48 of 3rd period - Snap shot by Tyler Toffoli.
2:48 of 3rd period - Shot Misses the Net.
4:14 of 3rd period - Minor Penalty to Brandon Gormley for Roughing.
4:15 of 3rd period - Riley Cote wins face-off versus Michael Latta in Monarchs zone.
4:24 of 3rd period - Snap shot by Michael Latta.
4:24 of 3rd period - Shot Misses the Net.
4:26 of 3rd period - Wrist shot by Michael Latta.
4:26 of 3rd period - Shot Misses the Net.
4:28 of 3rd period - Backhand shot by Curtis Glencross.
4:28 of 3rd period - Stopped by Malcolm Subban without a rebound.
4:29 of 3rd period - Tyler Haskins wins face-off versus Riley Cote in Monarchs zone.
4:55 of 3rd period - Bryan Rust is hit by Michael Latta and loses puck.
5:04 of 3rd period - Snap shot by Michael Latta.
5:04 of 3rd period - Shot Misses the Net.
6:14 of 3rd period - Penalty to Brandon Gormley is over, Brandon Gormley is back on ice.
9:50 of 3rd period - Jordie Benn is hit by Ryan Reaves.
12:15 of 3rd period - Ian Cole is hit by Hampus Lindholm.
12:35 of 3rd period - Brandon Gormley is hit by Kevin Connauton and loses puck.
12:42 of 3rd period - Tomas Kubalik is hit by Justin Faulk and loses puck.
13:24 of 3rd period - Michael Latta is hit by Bryan Rust and loses puck.
13:48 of 3rd period - Jordie Benn is hit by Ian Cole and loses puck.
14:14 of 3rd period - Slapshot by Ryan White.
14:14 of 3rd period - Stopped by Harru Sateri without a rebound.
14:15 of 3rd period - Andrej Nestrasil wins face-off versus Tyler McNeely in Ice Dragons zone.
14:53 of 3rd period - Samuel Groulx is hit by Matt Tennyson and loses puck.
15:06 of 3rd period - Tobias Rieder is hit by Michael Stone and loses puck.
16:06 of 3rd period - Off-side.
16:07 of 3rd period - Tom Pyatt wins face-off versus Andrej Nestrasil in neutral zone.
16:12 of 3rd period - Slapshot by Hampus Lindholm.
16:12 of 3rd period - Shot Misses the Net.
16:14 of 3rd period - Snap shot by Tom Pyatt.
16:14 of 3rd period - Stopped by Harru Sateri with a rebound.
16:16 of 3rd period - Slapshot by Hampus Lindholm.
16:16 of 3rd period - Stopped by Harru Sateri without a rebound.
16:17 of 3rd period - Michael Latta wins face-off versus Chris Tierney in Ice Dragons zone.
16:17 of 3rd period - Michael Latta is hit by Riley Cote.
16:23 of 3rd period - Snap shot by Riley Cote.
16:23 of 3rd period - Stopped by Harru Sateri without a rebound.
16:24 of 3rd period - Michael Latta wins face-off versus Chris Tierney in Ice Dragons zone.
16:26 of 3rd period - Minor Penalty to Troy Brouwer for Roughing.
16:27 of 3rd period - Connor Brown wins face-off versus Curtis Glencross in Ice Dragons zone.
16:29 of 3rd period - Wrist shot by Connor Brown.
16:29 of 3rd period - Goal by Connor Brown - Ice Dragons : 2 - Monarchs : 5.
16:30 of 3rd period - Michael Latta wins face-off versus Tyler Toffoli in neutral zone.
16:35 of 3rd period - Hampus Lindholm is hit by Troy Brouwer and loses puck.
16:44 of 3rd period - Joe Callahan is hit by Connor Brown and loses puck.
17:06 of 3rd period - Icing by Petr Vrana.
17:07 of 3rd period - Tyler Haskins wins face-off versus Tyler Toffoli in Ice Dragons zone.
17:16 of 3rd period - Johnny Gaudreau is hit by Tyler Haskins and loses puck.
17:20 of 3rd period - Icing by Brandon Gormley.
17:21 of 3rd period - Tyler Toffoli wins face-off versus Michael Latta in Monarchs zone.
17:26 of 3rd period - Justin Faulk is hit by Tyler Toffoli and loses puck.
17:33 of 3rd period - Slapshot by Kevin Connauton.
17:33 of 3rd period - Shot Blocked by Connor Brown.
17:35 of 3rd period - Snap shot by Michael Latta.
17:35 of 3rd period - Deflect By Troy Brouwer.
17:35 of 3rd period - Shot Misses the Net.
17:35 of 3rd period - Puck is out of play.
17:36 of 3rd period - Tom Pyatt wins face-off versus Michael Latta in Monarchs zone.
17:43 of 3rd period - Slapshot by Curtis Glencross.
17:43 of 3rd period - Stopped by Malcolm Subban with a rebound.
17:45 of 3rd period - Slapshot by Ian Cole.
17:45 of 3rd period - Deflect By Hampus Lindholm.
17:45 of 3rd period - Stopped by Malcolm Subban with a rebound.
17:47 of 3rd period - Snap shot by Michael Latta.
17:47 of 3rd period - Stopped by Malcolm Subban without a rebound.
17:48 of 3rd period - Tyler Toffoli wins face-off versus Michael Latta in Monarchs zone.
17:48 of 3rd period - Tyler Toffoli is hit by Curtis Glencross.
19:00 of 3rd period - Wrist shot by Johnny Gaudreau.
19:00 of 3rd period - Shot Blocked by Kevin Connauton.
19:10 of 3rd period - Tobias Rieder is hit by Kevin Connauton and loses puck.
19:31 of 3rd period - Tyler Haskins is hit by Bryan Rust and loses puck.
19:46 of 3rd period - Hampus Lindholm is hit by Brandon Kozun and loses puck.
Goals for this period are 0 for Ice Dragons vs 1 for Monarchs .
Shots for this period are 8 for Ice Dragons vs 5 for Monarchs .